 Dungeon Crawl Stone Soup version 0.16-b1 (webtiles) character file.

77 dysrexia the Slasher (level 4, -3/31 HPs)
             Began as an Octopode Abyssal Knight on Mar 15, 2015.
             Was a Believer of Lugonu.
             Killed from afar by a goblin (9 damage)
             ... with a wand of flame
             ... on level 2 of the Dungeon.
             The game lasted 00:06:36 (1914 turns).

dysrexia the Slasher (Octopode Abyssal Knight)      Turns: 1914, Time: 00:06:36

Health: -3/31      AC:  1    Str: 11    XL:     4   Next: 34%
Magic:  4/5        EV: 12    Int: 14    God:    Lugonu [**....]
Gold:   63         SH:  0    Dex: 12    Spells: 0 memorised, 3 levels left

rFire  . . .     SeeInvis .     k - +0 long sword
rCold  . . .     Clarity  .     (no shield)
rNeg   . . .     SustAb   .     (helmet restricted)
rPois  .         Gourm    .     (no amulet)
rElec  .         Spirit   .     (no ring)
rCorr  .         Warding  .     (no ring)
rMut   .         Stasis   .     (no ring)
MR     .....                    (no ring)
Stlth  ++........               (no ring)
                                (no ring)
                                (no ring)
                                (no ring)

@: lethally poisoned (-3 -> -6), not resistant to hostile enchantments,
unstealthy
A: almost no armour, amphibious, 8 rings, constrict 8, camouflage 1, gelatinous
body 1
a: Depart the Abyss, Bend Space, Renounce Religion


You were on level 2 of the Dungeon.
You worshipped Lugonu.
Lugonu was pleased with you.
You were not hungry.

You visited 1 branch of the dungeon, and saw 2 of its levels.
You visited the Abyss 1 time.

You collected 63 gold pieces.

Inventory:

Hand weapons
 a - a +1 falchion
 k - a +0 long sword (weapon)
Missiles
 d - 50 stones (quivered)
Jewellery
 i - an uncursed ring of ice
Magical devices
 m - a wand of digging (9)
Scrolls
 e - a scroll of remove curse
 p - a scroll of identify
Potions
 b - 2 potions of flight
 f - 3 potions of heal wounds
Comestibles
 c - a bread ration
 g - a royal jelly
 j - 2 beef jerkies
 l - 4 fruits
 n - a slice of pizza
 o - a meat ration


   Skills:
 - Level 3.0 Fighting
 + Level 4.4 Long Blades
 - Level 2.3 Dodging
 - Level 2.0 Invocations


You had 3 spell levels left.
You didn't know any spells.

Dungeon Overview and Level Annotations

Branches:
Dungeon (2/15)

Altars:
Nemelex Xobeh
Trog


Innate Abilities, Weirdness & Mutations

You cannot wear most types of armour.
You are amphibious.
You can wear up to eight rings at the same time.
You can use your tentacles to constrict many enemies at once.
Your skin changes colour to match your surroundings (Stealth).
Your rubbery body absorbs attacks (AC +1).


Message History

You are more poisoned.
The adder poisons you!
All of the chunks of flesh in your inventory have rotted away.
You slash the adder!
You kill the adder!
Lugonu accepts your kill.
You feel sick.
d - 50 stones (gained 1)
You feel sick.
A goblin comes into view. It is wielding a dagger.
The goblin zaps a wand.
The puff of flame hits you!
It is a wand of flame.
The goblin zaps a wand.
The puff of flame hits you!
* * * LOW HITPOINT WARNING * * *
Use which ability? (? or * to list) Space bends around you!
You blink.
* * * LOW HITPOINT WARNING * * *
You feel slightly more hungry.
You feel sick.
You feel sick.
The goblin zaps a wand.
The puff of flame hits you!
You die...

########## ##############
....#....#######.............
.........#.....#......(......
.......>.#.....#.....(........
.........#.....#.........#
.........#.....#......g..##
....#..........#@............
...............'.............
...............#...........g.
.....##........#............
...........................
#....######....#..........
..........#.)..#........
........................
.....................#


You could see a goblin.

Vanquished Creatures
  4 adders (D:2)
  2 giant geckos
  4 hobgoblins
  9 jackals
  7 bats
  A giant cockroach (D:1)
  A giant newt (D:2)
  3 goblins
  5 kobolds
  4 rats
40 creatures vanquished.

Notes
Turn   | Place    | Note
--------------------------------------------------------------
     0 | Abyss:1  | dysrexia, the Octopode Abyssal Knight, began the quest for the Orb.
     0 | Abyss:1  | Reached XP level 1. HP: 16/16 MP: 1/1
    26 | D:1      | Escaped the Abyss
   203 | D:1      | Found a sparkling altar of Nemelex Xobeh.
   210 | D:1      | Reached XP level 2. HP: 21/21 MP: 2/2
  1019 | D:2      | Found a bloodstained altar of Trog.
  1090 | D:2      | Acquired Lugonu's second power
  1090 | D:2      | Reached XP level 3. HP: 22/26 MP: 3/3
  1489 | D:2      | Reached skill level 4 in Long Blades
  1677 | D:2      | Reached XP level 4. HP: 20/31 MP: 5/5
  1914 | D:2      | Killed from afar by a goblin

Action                   |  1- 3 |  4- 6 || total
-------------------------+-------+-------++-------
Melee: Falchion          |    47 |       ||    47
       Long sword        |    24 |     7 ||    31
Throw: Stone             |     6 |     3 ||     9
Invok: Bend Space        |       |     1 ||     1
  Use: Scroll            |     3 |       ||     3
 Stab: Sleeping          |     2 |       ||     2
  Eat: Chunk             |     2 |     1 ||     3
